Map: Orbital Depot

Players

neulaender

  • Race: Zerg Zerg

Baumdoktor

  • Race: Protoss Protoss

BennTenn

  • Race: Terran Terran

A.I. 3 (Very Hard)

  • Race: Terran Terran

A.I. 4 (Elite)

  • Race: Terran Terran

A.I. 5 (Elite)

  • Race: Terran Terran

VOD

Have the link to the VOD?

Description

Time

  • Played on: Oct. 10, 2016, 12:59 p.m.
  • Length: 10:08
Show
View Real Time Build Order
Export as new Build Order

neulaender Zerg 

Build Orders: Hatch First 

Get SALT Encoding   

  12  0:01  Drone  
  13  0:12  Overlord  
  13  0:17  Drone  
  14  0:31  Drone x2  
  14  0:34  Drone  
  17  0:58  Hatchery  
  16  1:10  Drone x3  
  19  1:21  Spawning Pool  
  19  1:24  Drone  
  19  1:30  Extractor  
  18  1:34  Drone, Extractor  
  18  1:43  Overlord  
  18  1:55  Drone  
  19  2:05  Drone  
  20  2:08  Queen  
  20  2:10  Queen  
  20  2:13  Drone  
  25  2:22  Drone  
  26  2:29  Metabolic Boost  
  26  2:33  Drone  
  26  2:34  Drone x2  
  26  2:36  Overlord  
  29  2:46  Evolution Chamber  
  29  2:47  Evolution Chamber  
  27  2:51  Drone  
  27  2:54  Drone  
  27  2:55  Drone  
  27  2:58  Drone  
  31  3:08  Zergling x2  
  32  3:15  Zergling x4  
  34  3:21  Zerg Missile Weapons Level 1  
  34  3:23  Zerg Ground Armor Level 1  
  34  3:27  Zergling x4  
  36  3:37  Drone x3  
  39  3:43  Roach Warren  
  39  3:46  Zergling x4  
  40  3:49  Drone  
  41  4:03  Drone x3, Overlord  
  44  4:19  Overlord  
  44  4:20  Lair  
  44  4:38  Drone, Spine Crawler  
  43  4:39  Drone x2  
  43  4:41  Drone x6  
  43  4:45  Extractor  
  51  4:47  Extractor  
  50  4:57  Drone x3  
  50  4:59  Drone  
  54  5:08  Hatchery  
  54  5:09  Roach x2  
  54  5:10  Roach  
  59  5:21  Glial Reconstitution  
  59  5:23  Zerg Missile Weapons Level 2, Zerg Melee Weapons Level 1  
  59  5:30  Overlord x2  
  59  5:45  Drone  
  59  5:47  Overlord  
  59  5:48  Drone  
  61  5:50  Roach x6  
  61  5:51  Roach  
  75  6:26  Drone x8  
  83  6:33  Roach  
  83  6:34  Roach  
  83  6:37  Queen  
  81  6:56  Roach x4  
  81  6:57  Roach x2  
  81  7:00  Extractor  
  86  7:07  Roach  
  86  7:08  Roach x6  
  88  7:09  Extractor  
  88  7:10  Ravager x2  
  89  7:17  Overlord x3  
  89  7:18  Overlord x2  
  89  7:36  Spine Crawler  
  87  7:55  Roach x2  
  87  7:56  Roach x15  
  121  8:11  Burrow  
  123  8:13  Roach x4  
  56  9:05  Roach  
  56  9:06  Roach x5  
  68  9:12  Spine Crawler  
  68  9:13  Spine Crawler  
  68  9:15  Spine Crawler  
  49  9:29  Zergling x8  
  53  9:35  Hatchery  
Show
View Real Time Build Order
Export as new Build Order

Baumdoktor Protoss 

Build Orders: 1 Gate Expand, Nexus First, Zealot Archon 

Get SALT Encoding   

  12  0:02  Probe (Chrono Boost)  
  13  0:14  Pylon  
  13  0:18  Probe (Chrono Boost)  
  14  0:29  Probe (Chrono Boost)  
  14  0:33  Gateway  
  15  0:42  Assimilator  
  15  0:47  Assimilator  
  15  1:03  Nexus  
  15  1:16  Pylon  
  15  1:19  Pylon  
  15  1:23  Assimilator  
  15  1:29  Assimilator  
  15  1:40  Cybernetics Core  
  15  1:43  Gateway  
  15  1:48  Gateway  
  15  1:57  Gateway  
  15  2:02  Probe (Chrono Boost)  
  16  2:13  Probe (Chrono Boost)  
  16  2:14  Warp Gate  
  17  2:19  Probe (Chrono Boost)  
  19  2:30  Probe (Chrono Boost)  
  19  2:42  Probe (Chrono Boost)  
  20  2:46  Probe (Chrono Boost)  
  21  2:54  Probe (Chrono Boost)  
  21  2:57  Probe (Chrono Boost)  
  23  2:59  Stalker  
  23  3:04  Zealot x3  
  32  3:06  Probe (Chrono Boost)  
  32  3:08  Probe (Chrono Boost)  
  33  3:18  Probe x2 (Chrono Boost)  
  35  3:29  Probe (Chrono Boost)  
  35  3:30  Probe (Chrono Boost)  
  38  3:43  Probe (Chrono Boost)  
  38  3:55  Probe (Chrono Boost)  
  39  4:04  Gateway  
  39  4:06  Gateway  
  39  4:12  Twilight Council  
  39  4:17  Pylon  
  39  4:21  Pylon  
  40  4:39  Probe (Chrono Boost)  
  40  4:41  Pylon  
  40  4:43  Gateway x2  
  40  4:46  Gateway, Probe (Chrono Boost)  
  40  4:49  Gateway  
  40  4:51  Gateway, Probe (Chrono Boost)  
  42  4:56  Probe (Chrono Boost)  
  42  4:57  Gateway  
  43  5:07  Probe (Chrono Boost)  
  44  5:18  Probe (Chrono Boost)  
  45  5:22  Templar Archives  
  45  5:28  Probe (Chrono Boost)  
  46  5:29  Zealot x4  
  46  5:30  Zealot  
  56  5:53  Nexus  
  56  5:59  Pylon  
  56  6:01  Pylon  
  56  6:04  Pylon  
  56  6:18  Forge  
  56  6:23  Stalker x3  
  56  6:24  Stalker  
  54  6:34  High Templar x3  
  54  6:35  High Templar x4  
  66  6:40  Archon x2  
  66  6:41  Archon  
  66  6:43  Zealot  
  38  7:03  Stalker  
  38  7:04  Stalker x4  
  38  7:07  Sentry x2  
  52  7:09  Sentry  
  54  7:37  Nexus  
  54  7:40  Pylon  
  54  7:55  Probe (Chrono Boost)  
  54  7:57  Probe (Chrono Boost)  
  56  8:05  Assimilator  
  56  8:06  Probe (Chrono Boost)  
  56  8:09  Probe (Chrono Boost), Assimilator  
  42  8:14  Pylon  
  42  8:16  Probe (Chrono Boost)  
  43  8:21  Probe (Chrono Boost)  
  44  8:27  Probe (Chrono Boost)  
  44  8:33  Probe (Chrono Boost)  
  45  8:37  Probe (Chrono Boost)  
  46  8:45  Probe (Chrono Boost)  
  46  9:07  Nexus  
Show
View Real Time Build Order
Export as new Build Order

BennTenn Terran 

Build Orders:  

Get SALT Encoding   

  12  0:10  SCV  
  13  0:22  SCV  
  14  0:34  SCV  
  15  0:36  Supply Depot  
  15  0:58  SCV  
  15  1:00  Engineering Bay  
  16  1:05  Supply Depot  
  16  1:08  Refinery  
  16  1:10  SCV  
  17  1:22  SCV  
  18  1:28  Supply Depot  
  18  1:34  SCV  
  19  1:44  Barracks  
  19  1:47  SCV  
  20  1:58  Supply Depot  
  20  1:59  SCV  
  21  2:04  Refinery  
  21  2:12  SCV  
  22  2:44  Barracks  
  22  2:45  SCV  
  23  2:54  Supply Depot  
  23  2:55  Command Center  
  23  3:02  SCV  
  24  3:08  Terran Infantry Weapons Level 1  
  24  3:18  SCV  
  25  3:27  Supply Depot  
  25  3:30  SCV  
  26  3:42  Barracks  
  26  3:54  Barracks  
  26  4:01  Orbital Command  
  26  4:08  Supply Depot  
  26  4:27  SCV  
  27  4:39  SCV  
  28  4:51  SCV  
  29  5:03  Terran Infantry Armor Level 1  
  29  5:15  Barracks  
  29  5:29  Barracks Tech Lab  
  29  5:30  Barracks Tech Lab  
  29  5:36  SCV, Factory  
  29  5:41  Barracks Tech Lab  
  29  5:42  Barracks Tech Lab  
  30  5:43  Planetary Fortress  
  30  5:54  Command Center  
  30  5:59  Marauder  
  30  6:00  Marauder x2  
  36  6:05  Marauder  
  36  6:08  Barracks Tech Lab  
  38  6:16  Supply Depot  
  38  6:26  Factory  
  38  6:28  SCV  
  39  6:40  Supply Depot, SCV  
  40  6:52  SCV  
  41  6:57  Hi-Sec Auto Tracking  
  41  7:03  Command Center, Marauder x3  
  41  7:08  SCV  
  48  7:20  SCV  
  49  7:26  Refinery  
  49  7:29  SCV  
  50  7:32  SCV  
  51  7:41  Factory, SCV  
  51  7:44  SCV, Marauder x2  
  57  7:45  Marauder  
  57  7:47  Marine  
  60  7:53  Neosteel Frame, SCV  
  60  7:56  SCV x2  
  63  8:05  SCV  
  63  8:08  SCV x2  
  66  8:17  SCV  
  67  8:20  SCV x2  
  67  8:25  SCV  
  70  8:29  SCV  
  70  8:32  SCV x2  
  73  8:41  SCV  
  73  8:44  SCV, Factory  
  75  8:53  SCV  
  75  8:55  Missile Turret  
  76  8:56  SCV  
  76  9:03  Marauder x4  
  76  9:04  Marauder  
  76  9:05  SCV  
  85  9:13  Supply Depot  
  85  9:23  Factory Tech Lab x2  
  85  9:24  Marauder x2  
  85  9:25  Marauder x3  
  85  9:30  Factory Tech Lab  
  95  9:34  Factory Tech Lab  
  91  9:44  SCV  
  93  9:46  Marauder x5  
  93  9:47  SCV  
  91  10:04  Armory  
Show
View Real Time Build Order
Export as new Build Order

A.I. 3 (Very Hard) Terran 

Build Orders: MMM Bio 

Get SALT Encoding   

  12  0:01  SCV  
  13  0:13  SCV  
  14  0:20  Supply Depot  
  14  0:25  SCV  
  15  0:30  Refinery  
  15  0:42  SCV  
  16  0:49  Barracks  
  16  0:54  SCV  
  17  1:06  SCV  
  18  1:18  SCV  
  19  1:38  Marine  
  19  1:39  Orbital Command, Factory  
  20  1:40  Supply Depot  
  20  1:53  Barracks  
  20  1:56  Marine  
  21  2:05  SCV  
  22  2:15  Barracks Tech Lab  
  22  2:17  SCV  
  23  2:24  Supply Depot  
  23  2:25  Hellion  
  25  2:35  Concussive Shells  
  25  2:36  Marauder  
  27  2:42  Barracks Tech Lab  
  27  2:46  Hellion  
  27  2:49  SCV  
  30  2:57  Marauder  
  32  3:00  Marauder  
  32  3:01  Supply Depot  
  34  3:08  Hellion  
  36  3:19  Marauder  
  38  3:23  Marauder  
  40  3:29  Hellion, Supply Depot  
  42  3:38  Refinery  
  42  3:40  Marauder, SCV  
  45  3:44  Marine  
  46  3:53  SCV  
  46  3:54  Starport  
  47  4:01  Marine x2  
  49  4:07  SCV  
  50  4:19  SCV, Marine x2  
  53  4:29  Stimpack  
  53  4:32  Medivac  
  53  4:36  Supply Depot  
  55  4:56  Barracks  
  55  4:57  Marine  
  55  4:58  Marauder  
  58  5:00  Supply Depot  
  58  5:11  Factory Tech Lab  
  58  5:15  Marauder  
  58  5:18  SCV  
  58  5:19  Marine  
  61  5:24  Supply Depot  
  61  5:30  Siege Tank  
  64  5:36  Marine  
  64  5:37  Marauder  
  64  5:42  Barracks Reactor  
  66  5:51  Supply Depot  
  66  5:55  Marauder  
  68  5:58  Marine  
  68  6:02  Siege Tank  
  72  6:15  Marine  
  72  6:18  Marine x2  
  72  6:27  Marine  
  71  6:34  Combat Shields, Siege Tank, Marauder  
  71  6:35  Marine  
  76  6:44  Supply Depot  
  76  6:46  Marine  
  70  6:50  Marine  
  70  6:54  Marauder  
  67  6:55  Marine  
  53  7:04  Marine  
  53  7:06  Hellion  
  56  7:19  Command Center  
  56  7:23  Marine  
  56  7:26  Marine  
  58  7:30  Marine  
  58  7:34  Marine  
  60  7:43  Marauder  
  62  7:52  Marauder  
  64  8:04  Marauder  
  66  8:13  Marauder  
  68  8:26  Marauder  
  70  8:33  SCV  
  71  8:34  Marauder  
  71  8:38  SCV  
  74  8:45  SCV  
  75  8:50  SCV  
  76  8:56  Marine  
  76  8:57  SCV  
  76  9:02  SCV  
  76  9:09  SCV  
  76  9:15  SCV  
  77  9:21  SCV  
  78  9:27  SCV  
  78  9:28  Marine  
  78  9:29  Marine  
  78  9:30  Siege Tank  
  84  9:32  Engineering Bay  
  81  9:41  Marine  
  81  9:42  Marine  
  80  9:53  Command Center  
Show
View Real Time Build Order
Export as new Build Order

A.I. 4 (Elite) Terran 

Build Orders: MMM Bio 

Get SALT Encoding   

  12  0:01  SCV  
  13  0:13  SCV  
  14  0:16  Supply Depot  
  14  0:25  SCV  
  15  0:35  Refinery  
  15  0:37  SCV  
  15  0:40  Barracks  
  16  0:48  Barracks  
  16  0:49  SCV  
  17  1:01  SCV  
  18  1:14  SCV  
  19  1:20  Barracks  
  19  1:27  Orbital Command, Marine  
  20  1:34  Supply Depot  
  20  1:35  Marine  
  21  1:45  Barracks Tech Lab  
  21  1:53  SCV  
  22  1:54  Barracks Tech Lab  
  22  2:03  Marine  
  22  2:04  Stimpack  
  22  2:05  SCV  
  22  2:06  Marine  
  25  2:09  Supply Depot  
  25  2:12  Marine  
  25  2:14  Concussive Shells  
  26  2:17  SCV  
  26  2:20  Marine  
  28  2:24  Marine  
  29  2:30  Marine  
  29  2:35  Supply Depot  
  30  2:38  Marine  
  30  2:42  Marine  
  32  2:46  SCV  
  32  2:47  Marine  
  34  2:52  Supply Depot  
  34  2:57  Marauder  
  36  3:00  Marine  
  38  3:05  Marine, SCV  
  38  3:10  Combat Shields  
  39  3:17  Marine  
  39  3:18  Marine  
  41  3:23  Refinery  
  41  3:24  Marauder  
  43  3:28  SCV  
  43  3:29  Supply Depot  
  44  3:35  Marine  
  44  3:36  Marine  
  44  3:41  SCV  
  47  3:45  Marauder  
  49  3:53  Marine, SCV  
  51  3:59  Factory  
  51  4:06  Marauder  
  53  4:34  Supply Depot  
  53  4:40  Marauder  
  53  4:44  Engineering Bay, Marauder  
  57  4:45  Barracks  
  57  4:48  Engineering Bay  
  57  4:52  Starport  
  57  5:02  Marauder  
  57  5:05  Marauder  
  61  5:12  Terran Infantry Weapons Level 1  
  60  5:23  Missile Turret  
  60  5:28  Medivac  
  60  5:31  Terran Infantry Armor Level 1  
  62  5:40  Barracks Reactor  
  62  5:45  Missile Turret, Marauder  
  62  5:47  Supply Depot  
  66  5:50  Marauder  
  66  6:08  Missile Turret  
  66  6:14  Factory Tech Lab  
  66  6:18  Command Center  
  66  6:25  Marauder  
  67  6:32  Siege Tank  
  70  6:33  Supply Depot  
  70  7:04  Hellion  
  72  7:26  Hellion  
  73  7:41  Armory  
  73  7:47  Siege Tank  
Show
View Real Time Build Order
Export as new Build Order

A.I. 5 (Elite) Terran 

Build Orders: MMM Bio 

Get SALT Encoding   

  12  0:01  SCV  
  13  0:13  SCV  
  14  0:19  Supply Depot  
  14  0:25  SCV  
  15  0:41  SCV  
  16  0:45  Barracks  
  16  0:53  SCV  
  17  1:05  SCV  
  18  1:17  Supply Depot, SCV  
  19  1:23  Refinery  
  19  1:29  SCV  
  20  1:32  Marine  
  21  1:41  SCV  
  22  1:50  Marine  
  22  1:53  Barracks, SCV  
  24  1:57  Refinery  
  24  2:06  Orbital Command, Supply Depot  
  24  2:08  Marine  
  25  2:26  Marine  
  26  2:31  SCV  
  27  2:43  SCV  
  27  2:44  Marine  
  28  2:47  Command Center  
  29  3:05  SCV  
  30  3:06  Factory  
  30  3:08  Marine  
  30  3:10  Marine  
  32  3:17  SCV  
  33  3:26  Marine  
  34  3:28  Marine  
  34  3:29  SCV  
  36  3:38  Barracks  
  36  3:41  SCV  
  36  3:45  Barracks Tech Lab  
  36  3:47  Barracks Tech Lab  
  37  3:50  Factory Tech Lab  
  37  3:53  SCV  
  38  3:59  SCV  
  38  4:01  Supply Depot  
  39  4:05  SCV  
  39  4:08  Marine  
  41  4:11  Marine, SCV  
  43  4:17  Stimpack  
  43  4:18  SCV  
  43  4:23  SCV  
  43  4:24  Siege Tank  
  48  4:27  Combat Shields  
  48  4:30  SCV  
  49  4:35  SCV, Marine  
  49  4:37  Marine  
  52  4:39  Marine  
  52  4:42  SCV  
  54  4:48  Orbital Command  
  54  4:53  Marauder  
  54  4:56  Supply Depot, Marauder  
  58  5:15  Marauder  
  58  5:17  Engineering Bay, Marauder  
  62  5:25  Supply Depot  
  62  5:28  Command Center  
  62  5:36  Marauder  
  64  5:43  Terran Infantry Armor Level 1  
  64  5:44  Marauder  
  66  5:54  Engineering Bay  
  66  5:57  Marauder  
  66  6:02  Supply Depot  
  68  6:05  Marauder  
  68  6:06  Concussive Shells  
  68  6:07  Barracks Reactor  
  70  6:17  Starport  
  70  6:19  Marauder  
  70  6:20  Terran Infantry Weapons Level 1  
  72  6:26  Marine  
  72  6:29  Supply Depot  
  72  6:31  Hellion  
  75  6:40  Marauder  
  75  6:41  SCV  
  75  6:42  SCV  
  75  6:44  Marauder, SCV  
  82  6:53  Hellion, SCV  
  85  6:55  Medivac  
  84  7:05  Marine  
  84  7:06  Marine x2  
  84  7:07  Marine  
  86  7:09  Orbital Command  
  86  7:15  Missile Turret  
  86  7:18  Missile Turret  
  86  7:23  Barracks  
  86  7:24  Marauder, Marine  
  86  7:25  Medivac  
  91  7:34  Command Center  
  91  7:42  Marauder  
  92  7:44  Marine  
  92  7:46  Marine  
  92  7:48  Marine  
  95  7:54  Supply Depot  
  95  7:55  Starport Reactor  
  95  8:02  Marine  
  95  8:03  Marauder  
  95  8:04  Marauder  
  100  8:13  Marine x2  
  100  8:18  Supply Depot  
  102  8:25  Marauder  
  102  8:26  Marauder  
  105  8:31  Medivac  
  106  8:46  Medivac, Marauder  
  106  8:47  Marauder  
  106  8:48  Armory  
  112  8:53  Supply Depot  
  112  8:54  Marine  
  113  9:01  Viking  
  115  9:08  Marauder  
  115  9:09  Command Center  
  117  9:21  Viking  
  119  9:28  Supply Depot  
  119  9:39  Marauder  
  119  9:40  Refinery  
  121  9:49  Refinery  
  121  9:57  Missile Turret  
Tags
 
Add a new tag
Caveats
  • Supply blocks, unpowered buildings, or Contaminate may cause inaccurate times.
  • Supply counts are checked every 10 seconds.